 Dungeon Crawl Stone Soup version 0.19-a0-1213-g90c832c (webtiles) character file.

191 LORDOFBUTT the Covered (level 5, -1/42 HPs)
             Began as a Minotaur Fighter on Aug 22, 2016.
             Was an Initiate of Hepliaklqana.
             Killed by nerve-wracking pain
             ... invoked by an orc priest
              (11 damage)
             ... on level 4 of the Dungeon.
             The game lasted 00:02:58 (1829 turns).

LORDOFBUTT the Covered (Minotaur Fighter)           Turns: 1829, Time: 00:02:59

Health: -1/42      AC:  7    Str: 21    XL:     5   Next: 42%
Magic:  4/4        EV:  8    Int:  5    God:    Hepliaklqana [......]
Gold:   317        SH:  9    Dex: 10    Spells: 0 memorised, 4 levels left

rFire  . . .     SeeInvis .     y - +4 whip
rCold  . . .     Gourm    .     b - +0 scale mail
rNeg   . . .     Faith    .     c - +0 shield
rPois  .         Spirit   .     (helmet restricted)
rElec  .         Dismiss  .     (no cloak)
rCorr  .         Reflect  .     (no gloves)
MR     .....     Harm     .     (no boots)
Stlth  ..........               (no amulet)
                                (no ring)
                                (no ring)

@: no status effects
A: retaliatory headbutt, horns 2
a: Recall Ancestor, Ancestor Identity, Renounce Religion


You were on level 4 of the Dungeon.
You worshipped Hepliaklqana.
Hepliaklqana was noncommittal.
You were not hungry.

You visited 1 branch of the dungeon, and saw 4 of its levels.

You collected 317 gold pieces.

Inventory:

Hand Weapons
 a - a +0 flail
 y - a +4 whip (weapon)
Armour
 b - a +0 scale mail (worn)
 c - a +0 shield (worn)
Jewellery
 v - an uncursed ring of poison resistance {unknown}
 x - an uncursed ring of protection from cold {unknown}
Scrolls
 e - a scroll of recharging {unknown}
 g - 5 scrolls of identify {unknown}
 j - a scroll of remove curse {unknown}
 k - 3 scrolls of enchant armour {unknown}
 m - a scroll of enchant weapon {unknown}
 o - a scroll of amnesia {unknown}
 p - a scroll of noise {unknown}
 s - 3 scrolls of teleportation {unknown}
 u - a scroll of magic mapping {unknown}
Potions
 d - a potion of might
 h - a potion of beneficial mutation {unknown}
 i - a potion of magic {unknown}
 l - 2 potions of curing {unknown}
 n - a potion of flight {unknown}
 r - a potion of degeneration {unknown}
 t - a potion of cure mutation {unknown}
Books
 w - a book of Clouds

   Spells                             Type                      Level
   a - Mephitic Cloud                 Conjuration/Poison/Air       3
   b - Conjure Flame                  Conjuration/Fire             3
   c - Poisonous Cloud                Conjuration/Poison/Air       6
   d - Freezing Cloud                 Conjuration/Ice/Air          6
   e - Ring of Flames                 Charms/Fire                  7
Comestibles
 f - 2 bread rations
 q - 3 fruits


   Skills:
 + Level 4.8 Fighting
 + Level 3.2 Maces & Flails
 + Level 4.9 Armour
 + Level 2.1 Dodging
 + Level 0.1 Stealth
 + Level 4.5 Shields


You had 4 spell levels left.
You didn't know any spells.

Dungeon Overview and Level Annotations

Branches:
Dungeon (4/15)
 Temple: D:4-7

Altars:
Hepliaklqana
Okawaru
Uskayaw


Innate Abilities, Weirdness & Mutations

You reflexively headbutt those who attack you in melee.
You have a pair of horns on your head.


Message History

The orc barely misses Yadidatum.
The orc priest invokes the aid of Beogh against you.
Pain shoots through your body!
* * * LOW HITPOINT WARNING * * *
You are too injured to fight recklessly!
You hit the orc priest.
The orc priest is lightly wounded.
Yadidatum hits the orc.
The orc dies!
You block the orc priest's attack.
You barely miss the orc priest.
The orc priest is lightly wounded.
Yadidatum misses the orc priest.
The worm barely misses you.
Yadidatum closely misses the orc priest.
You hit the orc priest.
The orc priest is moderately wounded.
Yadidatum hits the worm.
The orc priest invokes the aid of Beogh against you.
Pain shoots through your body!
You die...

.. #....#..##..#...# .
#####.#.#...##...#..#
.......#....[.....#.#
##.######...####..###..#
##.........### #......##
....###.....#####.######
.8..._)R.8.....##.#
....%))w...###.##.#
.8.....o@8.# ##.#
...........# #.#
.8.......8.# #.#
...........# #.#
###.###.##.. #.# #. ..#
#.# # #.# .# #. .#


You could see the friendly Yadidatum the ancestor, a worm and an orc priest.

Vanquished Creatures
  An orc priest (D:4)
  Jessica (D:2)
  A gnoll (D:2)
  An adder (D:3)
  An ooze (D:1)
  2 dart slugs
  2 giant geckos
  2 orcs (D:4)
  A ball python (D:2)
  3 giant cockroaches
  2 goblins
  10 hobgoblins
  6 jackals
  6 bats
  3 giant newts
  12 kobolds
  7 rats
61 creatures vanquished.

Vanquished Creatures (collateral kills)
  A centaur skeleton (D:4)
  An adder (D:3)
  An orc (D:4)
  2 jackals (D:3)
5 creatures vanquished.

Grand Total: 66 creatures vanquished

Notes
Turn   | Place    | Note
-------+----------+-------------------------------------------
     0 | D:1      | LORDOFBUTT the Minotaur Fighter began the quest for the Orb.
     0 | D:1      | Reached XP level 1. HP: 19/19 MP: 0/0
   120 | D:1      | Reached XP level 2. HP: 25/27 MP: 1/1
   523 | D:1      | Reached XP level 3. HP: 32/33 MP: 2/2
   741 | D:2      | Noticed Jessica
   750 | D:2      | Killed Jessica
   863 | D:2      | Reached XP level 4. HP: 41/41 MP: 3/3
  1139 | D:2      | Reached skill level 1 in Dodging
  1239 | D:3      | Found a hazy altar of Hepliaklqana.
  1330 | D:3      | Became a worshipper of Hepliaklqana
  1571 | D:3      | Found an iron altar of Okawaru.
  1693 | D:4      | Reached XP level 5. HP: 41/42 MP: 4/4
  1815 | D:4      | Found a hide-covered altar of Uskayaw.
  1829 | D:4      | Killed from afar by an orc priest

Vault maps used:
D:1:      scummos_arrival_forest
D:2:      minmay_diamond_boxcup, uniq_jessica
D:3:      okawaru_metal_pillars_3, overflow_temple_1_default
D:4:      tgw_trog, eat_drink_and_be_merry_uskayaw, first_bread, minivault_26,
          glass_columns_c, kennysheep_windowed_goal

Skill      XL: |  1  2  3  4  5 |
---------------+----------------+-----
Shields        | 4 |  4.5
Fighting       | 4 |  4.8
Armour         | 4 |  4.9
Dodging        | 1 2 |  2.1
Maces & Flails | 3 |  3.2
Stealth        | |  0.1

Action                   |  1- 3 |  4- 6 || total
-------------------------+-------+-------++-------
Melee: Flail             |    72 |    51 ||   123
       Headbutt          |     8 |    10 ||    18
       Whip              |       |    12 ||    12
  Eat: Meat ration       |       |     1 ||     1
Armor: Scale mail        |    41 |    17 ||    58
Dodge: Dodged            |    43 |    22 ||    65
Block: Shield            |    35 |    28 ||    63
